 Dungeon Crawl Stone Soup version 0.29-a0-515-g7c1fb6cc08 (webtiles) character file.

Game seed: 3461560197675035149

116 Bruhh the Skirmisher (level 5, -2/59 HPs)
             Began as an Ogre Monk on May 30, 2022.
             Slain by a black bear (3 damage)
             ... on level 4 of the Dungeon.
             The game lasted 00:03:45 (4245 turns).

Bruhh the Skirmisher (Ogre Monk)                    Turns: 4245, Time: 00:03:45

Health: -2/59      AC:  3    Str: 17    XL:     5   Next: 0%
Magic:  5/5        EV: 10    Int: 11    God:
Gold:   99         SH:  0    Dex: 11    Spells: 4/4 levels left

rFire   . . .      SeeInvis .   a - +0 mace
rCold   . . .      Faith    .   (no shield)
rNeg    . . .      Spirit   .   b - +0 robe
rPois   .          Reflect  .   (helmet restricted)
rElec   .          Harm     .   (no cloak)
rCorr   .          Rampage  .   (gloves unavailable)
Will    .....                   (boots unavailable)
Stlth   ++........              (no amulet)
HPRegen 0.19/turn               (no ring)
MPRegen 0.09/turn               (no ring)

@: no status effects
A: large, unfitting armour, tough skin 1
a: no special abilities


You were on level 4 of the Dungeon.
You visited 1 branch of the dungeon, and saw 4 of its levels.

You collected 99 gold pieces.

Inventory:

Hand Weapons
 a - a +0 mace (weapon)
Armour
 b - a +0 robe (worn)
Jewellery
 n - a ring of fire
Wands
 o - a wand of paralysis (9)
Scrolls
 c - a scroll of noise
 h - a scroll of identify
 i - a scroll of fear
 j - a scroll of amnesia
 l - 2 scrolls of magic mapping
 m - a scroll of teleportation
 q - a scroll of immolation


   Skills:
 + Level 5.9 Fighting
 + Level 4.0 Maces & Flails
 - Level 2.6 Dodging
 - Level 1.4 Stealth


You had 4 spell levels left.
You didn't know any spells.
Your spell library was empty.

Dungeon Overview and Level Annotations

Branches:
Dungeon (4/15)
 Temple: D:4-7

Altars:

Annotations:
D:3 1 transporter, 1 runed translucent door, Crazy Yiuf; raistware's ghost, amateur HuCj


Innate Abilities, Weirdness & Mutations

You are too large for most types of armour.
You have tough skin. (AC +1)


Message History

You hit the black bear.
The black bear is heavily wounded.
The black bear bites you. The black bear claws you. x2
You hit the black bear.
The black bear is severely wounded.
The black bear bites you. The black bear claws you. The black bear misses you.
The black bear bites you!
* * * LOW HITPOINT WARNING * * *
The black bear claws you.
* * * LOW HITPOINT WARNING * * *
The black bear claws you.
* * * LOW HITPOINT WARNING * * *
You barely miss the black bear.
The black bear is severely wounded.
The black bear bites you.
* * * LOW HITPOINT WARNING * * *
The black bear misses you. The black bear closely misses you.
You hit the black bear but do no damage.
The black bear is severely wounded.
The black bear bites you but does no damage.
The black bear claws you but does no damage.
The black bear completely misses you.
Unknown command.
Okay, then.
You hit the black bear.
The black bear is severely wounded.
The black bear bites you but does no damage.
The black bear claws you.
* * * LOW HITPOINT WARNING * * *
The black bear claws you.
* * * LOW HITPOINT WARNING * * *
You closely miss the black bear.
The black bear is severely wounded.
The black bear barely misses you. The black bear closely misses you.
The black bear claws you.
* * * LOW HITPOINT WARNING * * *
You closely miss the black bear.
The black bear is severely wounded.
The black bear barely misses you. The black bear claws you.
You die...

#......8. #.#......
#........ #.. #........
##.. ##.#...... ...
..$......
#####.##########........
#...#.....@h..........$.
#...#....+......#######+
#...#....##.....#
#<..##...########
#...##...##...
#...'.........
#...##.....?..
#...##.........
......#.........


You could see a black bear.

Vanquished Creatures
  An orc wizard (D:3)
  3 adders
  2 worms (D:3)
  2 dart slugs
  8 orcs (D:3)
  2 endoplasms
  3 giant cockroaches
  3 goblins
  6 hobgoblins
  5 ball pythons
  2 bats (D:2)
  5 frilled lizards
  6 kobolds
  A rat (D:2)
49 creatures vanquished.

Vanquished Creatures (others)
  7 plants (D:2)
7 creatures vanquished.

Grand Total: 56 creatures vanquished

Notes
Turn   | Place    | Note
-------+----------+-------------------------------------------
     0 | D:1      | Bruhh the Ogre Monk began the quest for the Orb.
     0 | D:1      | Reached XP level 1. HP: 24/24 MP: 1/1
   481 | D:1      | Reached XP level 2. HP: 33/33 MP: 2/2
  1171 | D:2      | Reached XP level 3. HP: 24/41 MP: 3/3
  1475 | D:2      | Reached skill level 5 in Fighting
  1851 | D:2      | Identified the +2 robe "Susa" {rC++ Slay-4 SInv Stlth+}
  1964 | D:2      | Found a faded altar of an unknown god.
  2673 | D:3      | Reached XP level 4. HP: 41/50 MP: 4/4
  3228 | D:3      | Noticed raistware's ghost (amateur HuCj)
  3228 | D:3      | Identified the +9 dire flail "Olisyose" {pain, rN+ rCorr
                  | SInv}
  3228 | D:3      | Noticed an ogre
  3229 | D:3      | Found a transporter.
  3229 | D:3      | Noticed an ogre
  3838 | D:3      | Reached XP level 5. HP: 52/59 MP: 5/5
  3918 | D:3      | Found a runed translucent door.
  3919 | D:3      | Noticed Crazy Yiuf
  4222 | D:4      | Noticed a black bear
  4244 | D:4      | HP: 1/59 [black bear (3)]
  4245 | D:4      | Slain by a black bear

Illustrated notes

Levels and vault maps discovered:
D:1:      dpeg_arrival_lava_temple_mockup, layout_basic
D:2:      layout_basic, shapermc_ecumenical_altar_mp_highgroup, serial_bayou,
          serial_bayou_shore_a, serial_bayou_lagoon_a, serial_bayou_pond_a,
          serial_bayou_lake_a
D:3:      layout_loops_corners, gammafunk_ghost_smash, uniq_crazy_yiuf_cottage
D:4:      layout_gridville, lightli_sewer_entry_pipes, minivault_5,
          minmay_misc_feat_four_crosses

Skill      XL: |  1  2  3  4 |
---------------+-------------+-----
Maces & Flails | 3 4 |  4.0
Fighting       | 5 |  5.9
Dodging        | |  2.6
Stealth        | |  1.4

Action                   |  1- 3 |  4- 6 || total
-------------------------+-------+-------++-------
Melee: Mace              |   123 |    88 ||   211
       Punch             |     1 |     2 ||     3
  Use: Potion            |       |     7 ||     7
       Scroll            |       |     7 ||     7
 Stab: Sleeping          |     6 |     1 ||     7
       Distracted        |     1 |       ||     1
Armor: Robe              |    42 |    27 ||    69
Dodge: Dodged            |    80 |    55 ||   135

Table legend: (Time is in decaauts)
 A = Elapsed time spent in this place.
 B = Non-inter-level travel time spent in this place.
 C = Inter-level travel time spent in this place.
 D = Time resting spent in this place.
 E = Time spent auto-exploring this place.
 F = Levels seen in this place.
 G = Mean time per level.
                   A        B        C        D        E       F      G
               +--------+--------+--------+--------+--------+-----+--------+
         Total |   4335 |   4143 |    192 |      0 |   3597 |   4 | 1083.8 |
       Dungeon |   4335 |   4143 |    192 |      0 |   3597 |   4 | 1083.8 |
               +--------+--------+--------+--------+--------+-----+--------+

Top non-repeatable levels by time:
     D:3: 1698 daAuts
     D:2: 1455 daAuts
     D:1: 1138 daAuts
     D:4: 42 daAuts
